 Dungeon Crawl Stone Soup version 0.21.1-1-g345015f (webtiles) character file.

439 erloom the Skirmisher (level 6, 0/58 HPs)
             Began as a Minotaur Fighter on Mar 3, 2018.
             Was a Follower of Okawaru.
             Slain by erloom's ghost (9 damage)
             ... on level 4 of the Dungeon.
             The game lasted 00:05:53 (3277 turns).

erloom the Skirmisher (Minotaur Fighter)            Turns: 3277, Time: 00:05:54

Health: 0/58       AC: 11    Str: 21    XL:     6   Next: 70%
Magic:  3/5        EV:  3    Int:  7    God:    Okawaru [*.....]
Gold:   336        SH:  9    Dex:  9    Spells: 5/5 levels left

rFire    . . .     SeeInvis .   a - +0 war axe
rCold    . . .     Gourm    .   c - +0 shield
rNeg     . . .     Faith    .   q - +0 plate armour
rPois    .         Spirit   .   (helmet restricted)
rElec    .         Reflect  .   (no cloak)
rCorr    .         Harm     .   (no gloves)
MR       .....                  (no boots)
Stlth    ..........             (no amulet)
HPRegen  0.19/turn              (no ring)
MPRegen  0.09/turn              (no ring)

@: no status effects
A: retaliatory headbutt, horns 2
a: Heroism, Renounce Religion


You were on level 4 of the Dungeon.
You worshipped Okawaru.
Okawaru was aware of your devotion.
You were not hungry.

You visited 1 branch of the dungeon, and saw 4 of its levels.

You collected 336 gold pieces.

Inventory:

Hand Weapons
 a - a +0 war axe (weapon)
Missiles
 h - 6 tomahawks (quivered)
 p - 4 steel tomahawks
Armour
 b - a +0 scale mail
 c - a +0 shield (worn)
 q - a +0 plate armour (worn)
Jewellery
 l - an uncursed ring of flight {unknown}
Scrolls
 e - a scroll of blinking {unknown}
 g - a scroll of magic mapping {unknown}
 i - 3 scrolls of remove curse {unknown}
 j - 2 scrolls of amnesia {unknown}
 k - 3 scrolls of identify {unknown}
 m - 3 scrolls of random uselessness {unknown}
 n - 3 scrolls of immolation {unknown}
 r - 2 scrolls of fog {unknown}
 s - a scroll of fear {unknown}
 t - a scroll of noise {unknown}
 u - a scroll of enchant weapon {unknown}
Potions
 o - 2 potions of flight {unknown}
Comestibles
 f - 9 rations


   Skills:
 + Level 6.9 Fighting
 + Level 6.4 Axes
 - Level 3.6 Armour
 - Level 3.6 Shields


You had 5 spell levels left.
You didn't know any spells.

Dungeon Overview and Level Annotations

Branches:
Dungeon (4/15)
 Temple: D:4-7

Altars:
Okawaru
Ru
Uskayaw
Xom

Annotations:
D:4 erloom's ghost, novice MiFi


Innate Abilities, Weirdness & Mutations

You reflexively headbutt those who attack you in melee.
You have a pair of horns on your head.


Message History

You hit erloom's ghost but do no damage.
You headbutt erloom's ghost.
Erloom's ghost is heavily damaged.
Erloom's ghost hits you!
You hit erloom's ghost.
Erloom's ghost is severely damaged.
Erloom's ghost hits you!
You hit erloom's ghost but do no damage.
You headbutt erloom's ghost, but do no damage.
Erloom's ghost is severely damaged.
Erloom's ghost hits you.
You hit erloom's ghost but do no damage.
Erloom's ghost is severely damaged.
Erloom's ghost hits you!
* * * LOW HITPOINT WARNING * * *
You hit erloom's ghost.
Erloom's ghost is severely damaged.
You feel like a meek peon again. Erloom's ghost hits you!
You die...

.#..#######.#.#
###.........#.######.#
.#..######...........#
....######.#####.#####
#................##..
...........####..##.# #
#...###########..##.#
.# #..## #......W..#
#####.# ### #..#
#.###.@#..###.....# #..
#..# #.#
#..#W...)..'#######
#..#
#.###..##>####.#...#...
#..# #......##.#
#.#...#... #..#
#.####.##[######.......
#..# #.# #......#
###._.## #..# #.#
####.#.####.......
...########.#
#.#.##.#...#...
#........)..#
#.#.##.#)..#...


You could see erloom's ghost.

Vanquished Creatures
  Edmund (D:4)
  An ogre (D:4)
  A hound (D:4)
  An orc wizard (D:4)
  A bullfrog skeleton (D:4)
  An iguana (D:4)
  5 adders
  2 worms
  7 orcs
  A giant cockroach (D:2)
  11 goblins
  5 hobgoblins
  4 jackals (D:1)
  2 quokkas
  6 bats
  5 frilled lizards
  10 kobolds
  A quokka skeleton (D:4)
  3 rats
68 creatures vanquished.

Notes
Turn   | Place    | Note
-------+----------+-------------------------------------------
     0 | D:1      | erloom the Minotaur Fighter began the quest for the Orb.
     0 | D:1      | Reached XP level 1. HP: 19/19 MP: 0/0
    97 | D:1      | Reached XP level 2. HP: 18/27 MP: 1/1
   560 | D:2      | Reached XP level 3. HP: 27/34 MP: 2/2
  1194 | D:3      | Reached XP level 4. HP: 12/41 MP: 3/3
  1844 | D:3      | Reached skill level 5 in Fighting
  2167 | D:3      | Found a shimmering altar of Xom.
  2171 | D:3      | Found an iron altar of Okawaru.
  2179 | D:3      | Became a worshipper of Warmaster Okawaru
  2184 | D:3      | Found a hide-covered altar of Uskayaw.
  2350 | D:4      | Found a sacrificial altar of Ru.
  2433 | D:4      | Noticed Edmund
  2447 | D:4      | Killed Edmund
  2447 | D:4      | Reached skill level 5 in Axes
  2447 | D:4      | Reached XP level 5. HP: 49/50 MP: 4/4
  2479 | D:4      | Reached * piety under Okawaru
  2479 | D:4      | Reached XP level 6. HP: 58/58 MP: 5/5
  3266 | D:4      | Noticed erloom's ghost (novice MiFi)
  3277 | D:4      | Slain by erloom's ghost

Skill      XL: |  1  2  3  4  5  6 |
---------------+-------------------+-----
Fighting       | 4 6 |  6.9
Axes           | 3 4 5 6 |  6.4
Armour         | |  3.6
Shields        | |  3.6

Action                   |  1- 3 |  4- 6 || total
-------------------------+-------+-------++-------
Melee: War axe           |   110 |    97 ||   207
       Headbutt          |    20 |    18 ||    38
Invok: Heroism           |       |     2 ||     2
  Use: Potion            |       |     1 ||     1
 Stab: Paralysed         |       |     1 ||     1
  Eat: Chunk             |     1 |     7 ||     8
Armor: Scale mail        |    72 |     5 ||    77
       Plate armour      |       |    34 ||    34
Dodge: Dodged            |    38 |    13 ||    51
Block: Shield            |    64 |    35 ||    99
